 Dungeon Crawl Stone Soup version 0.20-a0-993-gba41c3c (console) character file.

2216 vuev the Grappler (level 9, 0/70 HPs)
             Began as a Minotaur Monk on Apr 11, 2017.
             Was a Believer of Hepliaklqana.
             Killed by vampiric draining
             ... invoked by a vampire
              (3 damage)
             ... on level 7 of the Dungeon.
             The game lasted 00:15:30 (7463 turns).

vuev the Grappler (Minotaur Monk)                   Turns: 7463, Time: 00:15:30

Health: 0/70       AC:  8    Str: 22    XL:     9   Next: 13%
Magic:  8/8        EV: 14    Int:  7    God:    Hepliaklqana [**....]
Gold:   235        SH:  0    Dex: 15    Spells: 8/8 levels left

rFire    + . .     SeeInvis +     - Unarmed
rCold    . . .     Gourm    .   (no shield)
rNeg     . . .     Faith    .   a - +0 scale mail
rPois    .         Spirit   .   (helmet restricted)
rElec    .         Reflect  .   (no cloak)
rCorr    .         Harm     .   (no gloves)
MR       .....                  (no boots)
Stlth    +.........             (no amulet)
Regen    0.3/turn               l - ring of see invisible
MPRegen  0.2/turn               n - ring of protection from fire

@: mighty, hasted, very quick
A: retaliatory headbutt, reduced essence, horns 2
a: Recall Ancestor, Ancestor Identity, Renounce Religion


You were on level 7 of the Dungeon.
You worshipped Hepliaklqana.
Hepliaklqana was pleased with you.
You were near starving.

You visited 2 branches of the dungeon, and saw 8 of its levels.

You collected 235 gold pieces.

Inventory:

Missiles
 d - 6 tomahawks (quivered)
Armour
 a - a +0 scale mail (worn)
Jewellery
 l - a ring of see invisible (left hand)
 n - a ring of protection from fire (right hand)
Wands
 m - a wand of lightning (10/15)
 t - a wand of random effects (15/48)
 w - a wand of digging (1/24)
 y - a wand of flame (16/48)
 A - a wand of paralysis (16/24)
Scrolls
 c - 4 scrolls of teleportation
 i - a scroll of fog {unknown}
 j - 12 scrolls of identify
 k - a scroll of random uselessness {unknown}
 o - a scroll of enchant armour {unknown}
 q - 4 scrolls of remove curse
 u - 2 scrolls of amnesia {unknown}
 x - a scroll of recharging {unknown}
 D - a scroll of enchant weapon {unknown}
 E - a scroll of magic mapping {unknown}
Potions
 g - 2 potions of agility {unknown}
 h - a potion of curing {unknown}
 p - a potion of magic {unknown}
 r - a potion of invisibility {unknown}
 z - a potion of mutation {unknown}
 B - a potion of heal wounds {unknown}
 C - 2 potions of brilliance {unknown}
Comestibles
 b - 5 bread rations
 f - 4 royal jellies
 v - 3 meat rations


   Skills:
 + Level 6.6 Fighting
 + Level 7.5 Armour
 + Level 7.1 Dodging
 - Level 3.2 Stealth
 + Level 8.8 Unarmed Combat


You had 8 spell levels left.
You didn't know any spells.

Dungeon Overview and Level Annotations

Branches:
Dungeon (7/15)             Temple (1/1) D:5

Altars:
Ashenzari
Dithmenos
Elyvilon
Fedhas
Gozag
Hepliaklqana
Kikubaaqudgha
Makhleb
Nemelex Xobeh
Okawaru
Ru
Sif Muna
Trog
Uskayaw
Vehumet
Wu Jian
Xom
Zin
The Shining One


Innate Abilities, Weirdness & Mutations

You reflexively headbutt those who attack you in melee.
You have a pair of horns on your head.
Your life essence is reduced. (-10% HP)


Message History

The vampire barely misses Suranoviremblasti. x2
Suranoviremblasti hits the vampire but does no damage.
The vampire closely misses Suranoviremblasti.
The vampire barely misses Suranoviremblasti.
Suranoviremblasti hits the vampire but does no damage.
The vampire hits Suranoviremblasti.
The vampire barely misses Suranoviremblasti.
Suranoviremblasti hits the vampire but does no damage.
The vampire hits Suranoviremblasti!
The vampire bites Suranoviremblasti!
Suranoviremblasti is destroyed!
You hit the vampire.
The vampire is heavily damaged.
The vampire closely misses you.
The vampire bites you but does no damage.
You closely miss the vampire. You headbutt the vampire!
The vampire is almost destroyed.
You closely miss the vampire. Your headbutt misses the vampire.
The vampire is almost destroyed.
The vampire is infused with unholy energy.
You die...

..........#
..(......#
........#
.......
..... ...
#'# #V# #@#
#.# #.# #.#
#.# #.#
###.# #...#
#.#########


You could see a vampire (invisible).

Vanquished Creatures
  Joseph (D:7)
  Menkaure (D:5)
  Duvessa (D:6)
  3 ice beasts
  2 ogres
  A phantom (D:6)
  4 bullfrogs
  Dowan (D:6)
  2 scorpions (D:5)
  2 hounds (D:6)
  A jelly (D:6)
  A crimson imp (D:5)
  4 orc wizards
  Ijyb (D:3)
  3 worker ants
  2 hound zombies
  5 adders
  4 gnolls
  A howler monkey skeleton (D:4)
  2 shadow imps (D:5)
  An ooze (D:4)
  3 worms
  A dart slug (D:2)
  8 leopard geckos
  11 orcs
  A ball python (D:2)
  4 bats
  A giant cockroach (D:4)
  3 goblins
  8 hobgoblins
  5 jackals
  A quokka (D:4)
  6 frilled lizards
  A jackal skeleton (D:4)
  8 kobolds
  A quokka skeleton (D:6)
  5 rats
110 creatures vanquished.

Vanquished Creatures (collateral kills)
  A centaur (D:6)
  2 worker ants
  2 adders (D:5)
  A leopard gecko (D:6)
  3 orcs (D:6)
  A giant cockroach (D:6)
10 creatures vanquished.

Vanquished Creatures (others)
  A hexer (D:7)
1 creature vanquished.

Grand Total: 121 creatures vanquished

Notes
Turn   | Place    | Note
-------+----------+-------------------------------------------
     0 | D:1      | vuev the Minotaur Monk began the quest for the Orb.
     0 | D:1      | Reached XP level 1. HP: 22/22 MP: 0/0
    97 | D:1      | Reached skill level 5 in Fighting
   313 | D:1      | Reached XP level 2. HP: 11/29 MP: 1/1
  1476 | D:2      | Reached skill level 1 in Unarmed Combat
  1896 | D:2      | Found a hide-covered altar of Uskayaw.
  1896 | D:2      | Found a blossoming altar of Fedhas.
  1975 | D:2      | Reached XP level 3. HP: 36/36 MP: 2/2
  2230 | D:2      | Reached skill level 5 in Dodging
  2693 | D:3      | Found a glowing silver altar of Zin.
  2803 | D:3      | Noticed Ijyb
  2834 | D:3      | Killed Ijyb
  2834 | D:3      | Reached skill level 2 in Unarmed Combat
  2834 | D:3      | Reached XP level 4. HP: 18/42 MP: 3/3
  3319 | D:3      | Found a shimmering altar of Xom.
  3321 | D:3      | Found a shattered altar of Ashenzari.
  3321 | D:3      | Found a white marble altar of Elyvilon.
  3363 | D:3      | Found a sparkling altar of Nemelex Xobeh.
  3363 | D:3      | Found a bloodstained altar of Trog.
  3363 | D:3      | Found a deep blue altar of Sif Muna.
  3578 | D:4      | Reached skill level 1 in Armour
  3578 | D:4      | Reached XP level 5. HP: 5/50 MP: 4/4
  3972 | D:4      | Reached skill level 3 in Unarmed Combat
  4148 | D:4      | Found an ornate altar of the Wu Jian Council.
  4681 | D:4      | Reached skill level 4 in Unarmed Combat
  4681 | D:4      | Reached XP level 6. HP: 36/57 MP: 5/5
  4732 | D:5      | Entered Level 5 of the Dungeon
  4884 | D:5      | Found a shadowy altar of Dithmenos.
  5282 | D:5      | Found a staircase to the Ecumenical Temple.
  5289 | D:5      | Noticed an ice beast
  5291 | Temple   | Entered the Ecumenical Temple
  5338 | Temple   | Became a worshipper of Hepliaklqana the Forgotten
  5338 | Temple   | Reached * piety under Hepliaklqana
  5338 | Temple   | Reached ** piety under Hepliaklqana
  5340 | Temple   | Remembered your ancestor Suranoviremblasti as a hexer
  5377 | D:5      | Killed an ice beast
  5377 | D:5      | Reached skill level 5 in Unarmed Combat
  5377 | D:5      | Reached XP level 7. HP: 54/55 MP: 6/6
  5550 | D:5      | Noticed Menkaure
  5567 | D:5      | Killed Menkaure
  5567 | D:5      | Reached skill level 6 in Unarmed Combat
  6028 | D:6      | Reached skill level 5 in Armour
  6130 | D:6      | Noticed Duvessa
  6147 | D:6      | Noticed Dowan
  6147 | D:6      | Reached XP level 8. HP: 55/63 MP: 7/7
  6169 | D:6      | Killed Duvessa
  6169 | D:6      | Reached skill level 7 in Unarmed Combat
  6190 | D:6      | Killed Dowan
  6571 | D:6      | Found a sparkling altar of Nemelex Xobeh.
  6700 | D:6      | Reached skill level 8 in Unarmed Combat
  6734 | D:6      | Found a shattered altar of Ashenzari.
  7256 | D:7      | Noticed Joseph
  7271 | D:7      | Killed Joseph
  7271 | D:7      | Reached XP level 9. HP: 45/70 MP: 8/8
  7447 | D:7      | HP: 1/70 [vampire (10)]
  7463 | D:7      | Killed from afar by a vampire

Vault maps used:
D:1:      onia_arrival_pentagram
D:2:      gammafunk_temple_overflow_elements, first_bread
D:3:      doesnt_xom_only_xom, old_standard_altar, uniq_iyjb
D:4:      overflow_temple_1_default, nicolae_overflow_hidden_temple
D:5:      temple_statues, portal_sewer_entry_d, nicolae_dithmenos_the_darkroom,
          uniq_menkaure
D:6:      old_standard_altar, lemuel_round_altar, uniq_duvessa
D:7:      uniq_joseph, uniq_prince_ribbit1
Temple:   nicolae_temple_hex_pool

Skill      XL: |  1  2  3  4  5  6  7  8 |
---------------+-------------------------+-----
Fighting       | 5 6 |  6.6
Unarmed Combat | 1 2 4 5 6 8 |  8.8
Dodging        | 5 6 7 |  7.1
Armour         | 1 2 3 5 7 |  7.5
Stealth        | |  3.2

Action                   |  1- 3 |  4- 6 |  7- 9 || total
-------------------------+-------+-------+-------++-------
Melee: Unarmed           |   140 |   151 |   139 ||   430
       Headbutt          |    22 |    29 |    38 ||    89
       Punch             |       |     2 |     5 ||     7
Throw: Tomahawk          |    13 |     1 |       ||    14
Invok: Ancestor Life: He |       |     1 |       ||     1
       Ancestor Identity |       |     1 |       ||     1
  Use: Scroll            |     3 |       |     1 ||     4
       Potion            |       |     1 |     4 ||     5
 Stab: Sleeping          |     3 |       |       ||     3
       Confused          |       |     1 |       ||     1
  Eat: Chunk             |     6 |     8 |     5 ||    19
Armor: Robe              |    16 |       |       ||    16
       Ring mail         |     2 |       |       ||     2
       Scale mail        |       |    42 |    35 ||    77
       Leather armour    |       |     2 |       ||     2
Dodge: Dodged            |    84 |    87 |    96 ||   267
